 Dungeon Crawl Stone Soup version 0.30-a0-738-g116ff8c4af (webtiles) character file.

Game seed: 3360053493339296655

2882 Dordric the Basher (level 9, -1/85 HPs)
             Began as an Ogre Berserker on Feb 3, 2023.
             Was an Elder of Trog.
             Slain by a two-headed ogre
             ... wielding a +0 giant spiked club
              (17 damage)
             ... on level 7 of the Dungeon.
             The game lasted 00:08:08 (7019 turns).

Dordric the Basher (Ogre Berserker)                 Turns: 7019, Time: 00:08:08

Health: -1/85      AC:  6    Str: 27    XL:     9   Next: 76%
Magic:  9/9        EV: 10    Int:  8    God:    Trog [****..]
Gold:   481        SH:  0    Dex: 10    Spells: 8/8 levels left

rFire   + . .      SeeInvis .    a - +5 flail (freeze)
rCold   + . .      Faith    .    (no shield)
rNeg    . . .      Spirit   .    b - +0 animal skin
rPois   +          Reflect  .    (helmet restricted)
rElec   .          Harm     .    x - +2 cloak
rCorr   +          Rampage  .    (gloves unavailable)
Will    .....                    (boots unavailable)
Stlth   ++                       (no amulet)
HPRegen 0.34/turn                k - ring of resist corrosion
MPRegen 0.11/turn                i - ring of protection from fire

@: no status effects
A: large, unfitting armour, tough skin 1, antennae 1, thin skeletal structure 1,
cold resistance 1, poison resistance, sturdy frame 1
a: Renounce Religion, Berserk, Trog's Hand, Brothers in Arms


You were on level 7 of the Dungeon.
You worshipped Trog.
Trog was greatly pleased with you.
You visited 1 branch of the dungeon, and saw 8 of its levels.

You collected 593 gold pieces.
You spent 112 gold pieces at shops.

Inventory:

Hand Weapons
 a - a +5 flail of freezing (weapon)
 j - a +1 giant spiked club
Armour
 b - a +0 animal skin (worn)
 x - a +2 cloak (worn)
Jewellery
 i - a ring of protection from fire (right hand)
 k - a ring of resist corrosion (left hand)
 E - a ring of flight
 F - a ring of protection from cold
Wands
 B - a wand of flame (34)
Scrolls
 c - 3 scrolls of blinking
 e - 2 scrolls of fear
 h - a scroll of summoning
 p - 2 scrolls of immolation
 t - a scroll of amnesia
 u - 3 scrolls of teleportation
 C - a scroll of vulnerability
 D - a scroll of noise
Potions
 d - a potion of magic {unknown}
 f - 6 potions of curing
 g - 4 potions of haste
 m - 2 potions of attraction {unknown}
 n - 3 potions of might {unknown}
 o - a potion of berserk rage {unknown}
 r - a potion of flight {unknown}
 s - 2 potions of brilliance {unknown}
 z - a potion of mutation
 A - 3 potions of cancellation {unknown}


   Skills:
 + Level 4.7 Fighting
 + Level 12.2 Maces & Flails
 - Level 2.6 Dodging


You had 8 spell levels left.
You didn't know any spells.
Your spell library was empty.

Dungeon Overview and Level Annotations

Branches:
Dungeon (8/15)             Temple (0/1) D:7
   Lair: D:8-11

Altars:
Vehumet

Shops:
D:2 *   D:5 [!


Innate Abilities, Weirdness & Mutations

You are too large for most types of armour.
You have tough skin. (AC +1)
You have a pair of small antennae on your head.
You have a somewhat thin skeletal structure. (Dex +2, Stealth+)
Your flesh is cold resistant. (rC+)
Your system is resistant to poisons. (rPois)
Your movements are slightly less encumbered by armour. (ER -2)


Message History

You barely miss the two-headed ogre. The two-headed ogre barely misses you.
The two-headed ogre hits you with a +0 giant spiked club!
The kobold hits you with a +0 short sword.
You bludgeon the two-headed ogre!! You freeze the two-headed ogre.
The two-headed ogre is moderately wounded.
You hit the two-headed ogre. You freeze the two-headed ogre.
The two-headed ogre is heavily wounded.
The kobold barely misses you.
The two-headed ogre hits you with a +0 giant spiked club!
The two-headed ogre closely misses you.
You thump the two-headed ogre! You freeze the two-headed ogre.
The two-headed ogre is severely wounded.
The kobold hits you but does no damage.
You sock the two-headed ogre! You freeze the two-headed ogre.
The two-headed ogre is almost dead.
The two-headed ogre hits you with a +0 giant spiked club!!
The two-headed ogre hits you with a +0 giant spiked club!
* * * LOW HITPOINT WARNING * * *
The kobold hits you but does no damage.
You are too injured to fight recklessly!
You are too injured to fight recklessly!
You are too injured to fight recklessly!
You are too injured to fight recklessly!
You are too injured to fight recklessly!
You are too injured to fight recklessly!
You are too injured to fight recklessly!
You are too injured to fight recklessly!
You are too injured to fight recklessly!
You are too injured to fight recklessly!
You are too injured to fight recklessly!
You are too injured to fight recklessly!
You are too injured to fight recklessly!
You are too injured to fight recklessly!
You are too injured to fight recklessly!
The kobold hits you but does no damage.
You climb upwards.
There is a stone staircase leading down here.
Your polar bear goes berserk!
The two-headed ogre hits you with a +0 giant spiked club!
You die...

#........#.........#.....
#........'.........#.....
#........#.........#.....
#........#...[.....'รท....
#........#..<..[...#.....
#........#.........#.....
#........#.........#.....
######.O.#.........#+##..
#..@####+###.....###
#.K..h.....#.)...#..
#..........#.....#..
#..........#.....#..
#..........#.....#..
#............#......
#...####.##.###.#..#
########.##.###..##.
#....##..##...##


You could see a two-headed ogre (ally target), a kobold and a friendly polar
bear (summoned, berserk).

Vanquished Creatures
  A steam dragon (D:6)
  Menkaure (D:5)
  2 black bears (D:7)
  2 ice beasts
  A sky beast (D:7)
  An ogre (D:7)
  2 centaurs
  A phantom (D:5)
  2 kobold brigands
  A necrophage (D:5)
  5 bullfrogs
  A gnoll sergeant (D:6)
  5 scorpions
  6 wights
  3 jellies
  2 hounds (D:6)
  2 quasits (D:6)
  An orc priest (D:5)
  Crazy Yiuf (D:4)
  3 iguanas
  An orc wizard (D:5)
  6 adders
  4 gnolls (D:6)
  3 shadow imps (D:6)
  7 white imps
  3 ufetubi
  2 worms
  2 dart slugs
  4 orcs
  10 ball pythons
  15 bats
  8 endoplasms
  7 giant cockroaches
  12 goblins
  7 hobgoblins
  6 jackals
  6 quokkas
  4 frilled lizards
  23 kobolds
  5 rats
178 creatures vanquished.

Vanquished Creatures (others)
  A demonic plant (D:6)
1 creature vanquished.

Grand Total: 179 creatures vanquished

Notes
Turn   | Place    | Note
-------+----------+-------------------------------------------
     0 | D:1      | Dordric the Ogre Berserker began the quest for the Orb.
     0 | D:1      | Reached XP level 1. HP: 24/24 MP: 1/1
    62 | D:1      | Reached skill level 3 in Maces & Flails
   107 | D:1      | Reached XP level 2. HP: 31/32 MP: 2/2
   466 | D:1      | Reached XP level 3. HP: 39/39 MP: 3/3
   497 | D:1      | Reached ** piety under Trog
   861 | D:2      | Found Nemoc's General Store.
  1033 | D:2      | Found a radiant altar of Vehumet.
  1044 | D:2      | Reached skill level 4 in Maces & Flails
  1526 | D:2      | Reached XP level 4. HP: 47/48 MP: 4/4
  1719 | D:2      | Bought a potion of mutation for 112 gold pieces
  1719 | D:2      | Gained mutation: Your movements are slightly less
                  | encumbered by armour. (ER -2) [potion of mutation]
  1719 | D:2      | Gained mutation: Armour fits poorly on your strangely
                  | shaped body. [potion of mutation]
  1719 | D:2      | Gained mutation: You occasionally shout uncontrollably at
                  | your foes. [potion of mutation]
  1719 | D:2      | Gained mutation: Your flesh is cold resistant. (rC+)
                  | [potion of mutation]
  1720 | D:2      | Lost mutation: Armour fits poorly on your strangely shaped
                  | body. [potion of mutation]
  1720 | D:2      | Lost mutation: You occasionally shout uncontrollably at
                  | your foes. [potion of mutation]
  1720 | D:2      | Gained mutation: Your system is resistant to poisons.
                  | (rPois) [potion of mutation]
  1720 | D:2      | Gained mutation: You have a pair of small antennae on your
                  | head. [potion of mutation]
  1720 | D:2      | Gained mutation: You have a somewhat thin skeletal
                  | structure. (Dex +2, Stealth+) [potion of mutation]
  2391 | D:3      | Reached skill level 5 in Maces & Flails
  2522 | D:3      | Reached XP level 5. HP: 48/54 MP: 5/5
  2988 | D:4      | Reached *** piety under Trog
  3105 | D:4      | Identified the +1 hammer "Buexupon" {heavy, *Slow rN+ Str+2
                  | Dex+4}
  3114 | D:4      | Found a runed translucent door.
  3115 | D:4      | Noticed Crazy Yiuf
  3653 | D:4      | Killed Crazy Yiuf
  3773 | D:5      | Entered Level 5 of the Dungeon
  3779 | D:5      | Reached skill level 6 in Maces & Flails
  3779 | D:5      | Reached XP level 6. HP: 62/62 MP: 6/6
  4044 | D:5      | Found Qoegaeg's Distillery.
  4105 | D:5      | Noticed an ice beast
  4110 | D:5      | Killed an ice beast
  4111 | D:5      | Reached skill level 7 in Maces & Flails
  4111 | D:5      | Reached XP level 7. HP: 70/70 MP: 7/7
  4182 | D:5      | Found Naubuledo's Armour Shop.
  4330 | D:5      | Noticed Menkaure
  4336 | D:5      | Killed Menkaure
  4337 | D:5      | Reached skill level 8 in Maces & Flails
  4392 | D:5      | Reached XP level 8. HP: 78/78 MP: 8/8
  4757 | D:6      | Reached skill level 9 in Maces & Flails
  5117 | D:6      | Reached **** piety under Trog
  5252 | D:6      | Reached skill level 10 in Maces & Flails
  5601 | D:7      | Reached XP level 9. HP: 84/84 MP: 9/9
  5686 | D:7      | Reached skill level 11 in Maces & Flails
  6137 | D:7      | Found a staircase to the Ecumenical Temple.
  6758 | D:7      | Reached skill level 12 in Maces & Flails
  7003 | D:8      | Noticed a two-headed ogre
  7019 | D:7      | Slain by a two-headed ogre

Illustrated notes

Levels and vault maps discovered:
D:1:      lemuel_arrival_hallway, layout_loops_cross
D:2:      layout_loops_corners, serial_shops, shop, basic_altar
D:3:      layout_basic, minmay_puff
D:4:      layout_basic, uniq_crazy_yiuf_cottage
D:5:      layout_loops_ring, serial_shops, shop, nicolae_shop_behind_doors,
          uniq_menkaure
D:6:      layout_gridville, serial_demonic, serial_demonic_c, serial_demonic_d,
          serial_demonic_b, serial_demonic_d, serial_demonic_b,
          serial_demonic_d, roderic_batcave
D:7:      layout_gridville, minmay_temple_entry_wispy
D:8:      layout_rooms, mainiacjoe_overflow_surrounded_room,
          lemuel_mausoleum_altar_kikubaaqudgha, lair_entry_dummy, serial_undead,
          serial_undead_e, serial_undead_c, serial_undead_c, serial_undead_f,
          serial_undead_f

Skill      XL: |  1  2  3  4  5  6  7  8  9 |
---------------+----------------------------+-----
Maces & Flails | 3 4 5 6 7 8 10 12 | 12.2
Fighting       | |  4.7
Dodging        | |  2.6

Action                     |  1- 3 |  4- 6 |  7- 9 || total
---------------------------+-------+-------+-------++-------
  Melee: Mace              |   160 |    63 |       ||   223
         Punch             |     1 |       |       ||     1
         Whip              |       |    80 |       ||    80
         Quarterstaff      |       |    23 |   200 ||   223
         Giant spiked club |       |       |    14 ||    14
         Flail             |       |       |    13 ||    13
 Invoke: Berserk           |       |     2 |     6 ||     8
         Brothers in Arms  |       |       |     1 ||     1
    Use: Scroll            |     3 |       |    10 ||    13
         Potion            |       |     2 |       ||     2
   Stab: Sleeping          |       |    11 |       ||    11
         Paralysed         |       |       |     1 ||     1
 Armour: Animal skin       |    78 |    35 |   150 ||   263
  Dodge: Dodged            |   117 |    72 |   203 ||   392

Table legend: (Time is in decaauts)
 A = Elapsed time spent in this place.
 B = Non-inter-level travel time spent in this place.
 C = Inter-level travel time spent in this place.
 D = Time resting spent in this place.
 E = Time spent auto-exploring this place.
 F = Levels seen in this place.
 G = Mean time per level.
                   A        B        C        D        E       F      G
               +--------+--------+--------+--------+--------+-----+--------+
         Total |   7130 |   6849 |    281 |    317 |   5220 |   8 |  891.2 |
       Dungeon |   7130 |   6849 |    281 |    317 |   5220 |   8 |  891.2 |
               +--------+--------+--------+--------+--------+-----+--------+

Top non-repeatable levels by time:
     D:6: 1369 daAuts
     D:3: 1251 daAuts
     D:7: 1071 daAuts
     D:2: 958 daAuts
     D:5: 826 daAuts
     D:4: 814 daAuts
     D:1: 804 daAuts
     D:8: 34 daAuts
